 Dungeon Crawl Stone Soup version 0.27-a0-1154-gfdeffcb720 (webtiles) character file.

Game seed: 7419928899563537572

21 Whiskey the Sneak (level 3, 0/26 HPs)
             Began as a Djinni Enchanter on May 14, 2021.
             Slain by a hobgoblin (1 damage)
             ... on level 1 of the Dungeon.
             The game lasted 00:02:42 (1011 turns).

Whiskey the Sneak (Djinni Enchanter)                Turns: 1011, Time: 00:02:43

Health: 0/26       AC:  2    Str:  8    XL:     3   Next: 2%
Gold:   48         EV: 12    Int: 16    God:
                   SH:  0    Dex: 13

rFire    + + .     SeeInvis .   a - +1 dagger
rCold    x . .     Faith    .   (no shield)
rNeg     . . .     Spirit   .   b - +0 robe
rPois    ∞         Reflect  .   (no helmet)
rElec    .         Harm     .   (no cloak)
rCorr    .         Rampage  .   (no gloves)
Will     .....                  (boots unavailable)
Stlth    ++........             (no amulet)
HPRegen  0.08/turn              (no ring)
MPRegen  0.00/turn              (no ring)

@: flying
A: sickness immunity, fire resistance 2, cold vulnerability 1, float, innate
caster, hp casting, extra vitality 1
a: no special abilities


You were on level 1 of the Dungeon.
You visited 1 branch of the dungeon, and saw 1 of its levels.

You collected 48 gold pieces.

Inventory:

Hand Weapons
 a - a +1 dagger (weapon)
Armour
 b - a +0 robe (worn)
Scrolls
 c - a scroll of enchant armour {unknown}
 f - a scroll of identify {unknown}
 g - a scroll of blinking {unknown}
Potions
 d - a potion of brilliance {unknown}
 e - a potion of lignification {unknown}


   Skills:
 + Level 0.7 Fighting
 - Level 1.0 Short Blades
 + Level 2.6 Dodging
 + Level 2.6 Stealth
 + Level 2.6 Spellcasting


You couldn't memorise any spells.
You knew the following spells:

 Your Spells              Type           Power      Damage    Failure   Level
a - Ensorcelled Hibernat  Hex/Ice        20%        N/A       10%         2
b - Confusing Touch       Hex            10%        N/A       21%         3
c - Tukima's Dance        Hex            10%        N/A       21%         3
d - Dazzling Flash        Conj/Hex       20%        N/A       21%         3
g - Apportation           Tloc           20%        N/A       7%          1
v - Corona                Hex            11%        N/A       7%          1
Your spell library was empty.

Dungeon Overview and Level Annotations

Branches:
Dungeon (1/15)

Altars:


Innate Abilities, Weirdness & Mutations

You are immune to sickness and miasma.
You are immune to poison.
Your flesh is very heat resistant. (rF++)
You are vulnerable to cold. (rC-)
You float through the air rather than walking.
You learn spells naturally, not from books.
Your magical power is your life essence.
You have superior vitality. (+4 HP)


Message History

Found a stone staircase leading down.
You now have 48 gold pieces (gained 5).
You see here a +0 spear.
There is a stone staircase leading down here.
A hobgoblin comes into view.
The hobgoblin shouts!
The hobgoblin barely misses you.
You hit the hobgoblin but do no damage. The hobgoblin barely misses you.
You hit the hobgoblin.
The hobgoblin hits you but does no damage.
You barely miss the hobgoblin. The hobgoblin closely misses you.
You barely miss the hobgoblin. The hobgoblin closely misses you.
You closely miss the hobgoblin. The hobgoblin hits you.
You hit the hobgoblin. The hobgoblin misses you.
You take 4 damage, and have 18/22 hp.
You closely miss the hobgoblin. The hobgoblin misses you.
You hit the hobgoblin but do no damage. The hobgoblin closely misses you.
You hit the hobgoblin.
You kill the hobgoblin!
No target in view!
No target in view!
No target in view!
No target in view!
You reach down and open the door.
There is an open door here.
A hobgoblin comes into view.
Health restored: 22 An endoplasm comes into view.
A hobgoblin comes into view.
A goblin comes into view. It is wielding a +0 dagger.
The goblin shouts!
You closely miss the hobgoblin.
The hobgoblin shouts!
You hit the hobgoblin but do no damage. The hobgoblin closely misses you.
You hit the hobgoblin but do no damage. The hobgoblin misses you.
You hit the hobgoblin. The hobgoblin hits you. The hobgoblin misses you.
You take 2 damage, and have 20/22 hp.
You closely miss the hobgoblin. The hobgoblin closely misses you.
The hobgoblin barely misses you.
You completely miss the hobgoblin.
An endoplasm comes into view.
The hobgoblin barely misses you.
You barely miss the hobgoblin.
The hobgoblin hits you but does no damage.
The hobgoblin barely misses you. The goblin barely misses you.
You closely miss the hobgoblin. The hobgoblin hits you.
The hobgoblin hits you but does no damage.
You take 4 damage, and have 17/22 hp.
You hit the hobgoblin. The goblin misses you. The hobgoblin hits you.
The hobgoblin hits you but does no damage.
You take 3 damage, and have 14/22 hp.
You barely miss the hobgoblin. The goblin hits you with a +0 dagger.
The hobgoblin hits you but does no damage.
The hobgoblin closely misses you.
You take 2 damage, and have 12/22 hp.
You hit the hobgoblin. The goblin hits you with a +0 dagger.
The hobgoblin hits you but does no damage.
The hobgoblin barely misses you.
You take 1 damage, and have 11/22 hp.
You are too injured to fight recklessly!
You are too injured to fight recklessly!
You are too injured to fight recklessly!
You are too injured to fight recklessly!
You are too injured to fight recklessly!
You are too injured to fight recklessly!
You are too injured to fight recklessly!
You are too injured to fight recklessly!
The goblin hits you with a +0 dagger.
You take 2 damage, and have 9/22 hp.
There is an open door here.
The goblin hits you with a +0 dagger.
* * * LOW HITPOINT WARNING * * *
You take 4 damage, and have 6/22 hp.
There is a stone staircase leading down here.
You aren't experienced enough to cast this spell.
Aim: a goblin, wielding a +0 dagger (chance to affect: 59%)
The goblin looks drowsy...
* * * LOW HITPOINT WARNING * * *
You take 2 damage, and have 4/22 hp.
You are too injured to fight recklessly!
The helpless goblin fails to defend itself.
You puncture the goblin!
You kill the goblin!
You hit the hobgoblin.
You kill the hobgoblin!
You have reached level 3!
Your experience leads to an increase in your attributes!
Increase (s)trength, (i)ntelligence, or (d)exterity?
You feel stronger.
The power to cast Apportation wells up from within.
Spell assigned to 'g'.
You hit the hobgoblin. The hobgoblin barely misses you.
Aim: a hobgoblin (moderately wounded, chance to affect: 59%)
The hobgoblin resists with significant effort.
* * * LOW HITPOINT WARNING * * *
The hobgoblin hits you.
* * * LOW HITPOINT WARNING * * *
You take 4 damage, and have 1/26 hp.
You barely miss the hobgoblin. The hobgoblin hits you.
You die...

#.#..# #.#.............##..
§###.# ####.#...........######
#.#..# #................# .##.##
#................# #.##.#
#................# .#..##
#....#.###....#### .#≈..#
#....#)###....# .##.##
#....#>##.....#
#.#.≈######....#@##...###
.##..#.........#g##...# ..
#.##.#......##..J##...# ...
##...#......##.....g..# ...
..####......##...###J#########...
≈.####......##...##..J...........
##†..#......##...##..............
##≈.≈#......##...##............##
##..≈#......##...##............#


You could see an endoplasm and a hobgoblin.

Vanquished Creatures
  A ball python (D:1)
  A giant cockroach (D:1)
  3 goblins (D:1)
  2 hobgoblins (D:1)
  6 jackals (D:1)
  2 bats (D:1)
  A rat (D:1)
16 creatures vanquished.

Notes
Turn   | Place    | Note
-------+----------+-------------------------------------------
     0 | D:1      | Whiskey the Djinni Enchanter began the quest for the Orb.
     0 | D:1      | Reached XP level 1. HP: 15/15 MP: 0/0
   276 | D:1      | Reached skill level 1 in Short Blades
   394 | D:1      | Reached XP level 2. HP: 13/21 MP: 0/0
   667 | D:1      | Found a faded altar of an unknown god.
  1009 | D:1      | Reached XP level 3. HP: 5/26 MP: 0/0
  1009 | D:1      | Learned a level 1 spell: Apportation
  1010 | D:1      | HP: 1/26 [hobgoblin (2)]
  1011 | D:1      | Slain by a hobgoblin

Illustrated notes

Levels and vault maps discovered:
D:1:      dpeg_arrival_brainrot, layout_basic,
          hellmonk_ecumenical_altar_dog_temple

Skill      XL: |  1 |
---------------+----+-----
Short Blades   | 1 |  1.0
Fighting       | |  0.7
Dodging        | |  2.6
Stealth        | |  2.6
Spellcasting   | |  2.6

Action                   || total
-------------------------++-------
Melee: Dagger            ||    83
 Cast: Ensorcelled Hiber ||     5
 Stab: Sleeping          ||     5
Armor: Robe              ||    26
Dodge: Dodged            ||    76

Table legend: (Time is in decaauts)
 A = Elapsed time spent in this place.
 B = Non-inter-level travel time spent in this place.
 C = Inter-level travel time spent in this place.
 D = Time resting spent in this place.
 E = Time spent auto-exploring this place.
 F = Levels seen in this place.
 G = Mean time per level.
                   A        B        C        D        E       F      G
               +--------+--------+--------+--------+--------+-----+--------+
         Total |   1007 |   1007 |      0 |    227 |    622 |   1 | 1007.0 |
       Dungeon |   1007 |   1007 |      0 |    227 |    622 |   1 | 1007.0 |
               +--------+--------+--------+--------+--------+-----+--------+

Top non-repeatable levels by time:
     D:1: 1007 daAuts

Table legend:
 A = Kills in this place as a percentage of kills in entire the game.
 B = Kills by you in this place as a percentage of kills by you in the entire game.
 C = Kills by friends in this place as a percentage of kills by friends in the entire game.
 D = Other kills in this place as a percentage of other kills in the entire game.
 E = Experience gained in this place as a percentage of experience gained in the entire game.
 F = Experience gained in this place divided by the number of levels of this place that you have seen.
                   A       B       C       D       E      F
               +-------+-------+-------+-------+-------+----------------------
         Total | 100.0 | 100.0 |   N/A |   N/A | 100.0 |  30.0
       Dungeon | 100.0 | 100.0 |   N/A |   N/A | 100.0 |  30.0
               +-------+-------+-------+-------+-------+----------------------
